 Dungeon Crawl Stone Soup version 0.25.0-15-gac7dcb8919 (webtiles) character file.

Game seed: 6624538676525680363

43379 protoss039 the Eclecticist (level 13, -5/99 HPs)
             Began as a Deep Elf Earth Elementalist on June 28, 2020.
             Was a High Priest of Vehumet.
             Slain by a spriggan rider
             ... wielding the cursed +0 spear of Oxoir {protect, rPois MR++}
              (11 damage)
             ... on level 2 of the Lair of Beasts.
             The game lasted 01:31:13 (19004 turns).

protoss039 the Eclecticist (DEEE)                  Turns: 19004, Time: 01:31:14

Health: -5/99      AC: 13    Str:  5    XL:     13   Next: 90%
Magic:  18/38      EV: 11    Int: 26    God:    Vehumet [*****.]
Gold:   8643       SH:  0    Dex: 21    Spells: 30/50 levels left

rFire    + . .     SeeInvis .   g - +12 Vampire's Tooth {vamp}
rCold    . . .     Gourm    .   (no shield)
rNeg     . . .     Faith    +   y - +1 leather armour of the Heron {rF+ Regen+}
rPois    .         Spirit   .   r - +1 helmet
rElec    .         Reflect  .   M - +0 cloak
rCorr    +         Harm     .   B - +2 pair of gloves
MR       ++...                  n - +2 pair of boots
Stlth    ..........             U - amulet of Qiam {Faith Dex+6}
HPRegen  0.66/turn              P - ring of protection from magic
MPRegen  0.26/turn              u - ring of resist corrosion

@: berserking, hasted, heavily drained, very quick
A: no striking features
a: Renounce Religion


You were on level 2 of the Lair of Beasts.
You worshipped Vehumet.
Vehumet was extremely pleased with you.
You were hungry.

You visited 2 branches of the dungeon, and saw 17 of its levels.
You visited 1 bazaar.
You also visited: Ossuary.

You collected 11253 gold pieces.
You spent 2610 gold pieces at shops.

Inventory:

Hand Weapons
 a - the +6 scimitar of Xieplean {freeze, *Drain +Fly rElec SInv}
   (You found it on level 9 of the Dungeon)

   It has been specially enchanted to freeze those struck by it, causing extra
   injury to most foes and up to half again as much damage against particularly
   susceptible opponents.
   It can also slow down cold-blooded creatures.
   It insulates you from electricity.
   It lets you see invisible.
   It lets you fly.
   It causes draining when unequipped.
 g - the +12 Vampire's Tooth (weapon) {vamp}
   (You bought it in a shop in a bazaar)

   It inflicts no extra harm, but heals its wielder when it wounds a living foe.
 O - the +6 spear of Qaveti {freeze, Str+4 Int+6}
   (You found it on level 12 of the Dungeon)

   It has been specially enchanted to freeze those struck by it, causing extra
   injury to most foes and up to half again as much damage against particularly
   susceptible opponents.
   It can also slow down cold-blooded creatures.
   It affects your strength (+4).
   It affects your intelligence (+6).
 X - the +6 whip of Zumox {vamp, MP+9 Int+3 Dex-4}
   (You found it on level 1 of the Lair of Beasts)

   It inflicts no extra harm, but heals its wielder when it wounds a living foe.
   It affects your intelligence (+3).
   It affects your dexterity (-4).
   It affects your magic capacity (+9).
Missiles
 b - 338 stones (quivered)
Armour
 e - the +0 ring mail "Okerojoz" {*Slow rC- Int+10 Dex+8}
   (You bought it in a shop in a bazaar)

   It affects your intelligence (+10).
   It affects your dexterity (+8).
   It makes you vulnerable to cold.
   It may slow you when you take damage.
 n - a +2 pair of boots (worn)
 r - a +1 helmet (worn)
 y - the +1 leather armour of the Heron (worn) {rF+ Regen+}
   (You found it on level 5 of the Dungeon)

   It protects you from fire.
   It increases your rate of regeneration.
 B - a +2 pair of gloves (worn)
 M - a +0 cloak (worn)
 W - the +2 leather armour of Death Resistance {SInv}
   (You found it on level 8 of the Dungeon)

   It lets you see invisible.
Jewellery
 i - an uncursed amulet of magic regeneration
 k - an uncursed ring of positive energy
 u - a ring of resist corrosion (right hand)
 I - an uncursed ring of ice
 P - a ring of protection from magic (left hand)
 R - an uncursed ring of magical power {unknown}
 U - the amulet of Qiam (around neck) {Faith Dex+6}
   (You found it on level 9 of the Dungeon)

   [amulet of faith]

   It allows you to gain divine favour quickly.
   It affects your dexterity (+6).
Wands
 D - a wand of paralysis (13)
 E - a wand of enslavement (9)
 J - a wand of digging (1)
 N - a wand of flame (23)
 Q - a wand of disintegration (11)
 T - a wand of acid (9)
Scrolls
 h - 7 scrolls of remove curse
 m - 3 scrolls of teleportation
 o - 3 scrolls of magic mapping
 v - 4 scrolls of enchant weapon
 z - 3 scrolls of enchant armour
 A - 4 scrolls of amnesia
 H - 2 scrolls of fog
 K - 3 scrolls of fear
Potions
 c - 4 potions of cancellation
 f - 4 potions of brilliance
 j - 7 potions of curing
 l - 3 potions of resistance
 p - 3 potions of flight
 q - 2 potions of haste
 s - 3 potions of stabbing
 t - a potion of might
 w - 2 potions of magic
 x - 3 potions of ambrosia
 F - a potion of mutation
 G - a potion of invisibility {unknown}
 S - a potion of berserk rage {unknown}
Comestibles
 d - 48 rations


   Skills:
 * Level 2.0(0.4) Fighting
 + Level 2.0(0.4) Polearms
 - Level 2.4(0.8) Dodging
 - Level 2.4(0.8) Stealth
 + Level 19.4(17.0) Spellcasting
 + Level 6.5(4.7) Conjurations
 + Level 1.7(0.1) Transmutations
 * Level 17.3(14.9) Earth Magic


You had 30 spell levels left.
You knew the following spells:

 Your Spells              Type           Power        Failure   Level  Hunger
a - Sandblast             Erth           ######       0%          1    None
b - Passwall              Tmut/Erth      ######..     1%          2    None
c - Stone Arrow           Conj/Erth      ######       1%          3    None
d - Petrify               Tmut/Erth      ######..     1%          4    None
e - Lee's Rapid Deconstr  Erth           #######...   1%          5    None
f - Lightning Bolt        Conj/Air       ####......   11%         5    None

Your spell library contained the following spells:

 Spells                   Type           Power        Failure   Level  Hunger
 Conjure Flame            Conj/Fire      ####....     1%          3    None
 Dazzling Flash           Conj/Hex       ####..       1%          3    None
 Animate Skeleton         Necr           N/A          3%          1    None
 Corona                   Hex            ###....      3%          1    None
 Pain                     Necr           ###.         3%          1    None
 Summon Butterflies       Summ           ###.....     3%          1    None
 Ignite Poison            Fire/Tmut/Pois ###.....     3%          3    None
 Ensorcelled Hibernation  Hex/Ice        ###...       5%          2    None
 Swiftness                Chrm/Air       ###.....     5%          2    None
 Confusing Touch          Hex            ###.....     11%         3    None
 Tukima's Dance           Hex            ###.....     11%         3    None
 Vampiric Draining        Necr           ###.......   11%         3    None
 Animate Dead             Necr           N/A          36%         4    None
 Passage of Golubria      Tloc           N/A          36%         4    None
 Summon Lightning Spire   Summ/Air       ###.....     36%         4    None
 Agony                    Necr           ###.....     71%         5    None
 Darkness                 Hex            ###.......   99%         6    ###....
 Invisibility             Hex            ###.....     99%         6    ###....
 Shadow Creatures         Summ           N/A          99%         6    ###....


Dungeon Overview and Level Annotations

Branches:
Dungeon (15/15)            Temple (0/1) D:5            Lair (2/6) D:8
  Snake (0/4) Lair:2          Orc (0/2) D:12         Vaults (0/5) D:13
 Depths (0/5) D:15        Ossuary (visited)
  Swamp: Lair:2-4    Shoals: Lair:2-4

Altars:
Ashenzari
Elyvilon
Fedhas
Nemelex Xobeh
Qazlal
Trog
Vehumet
Xom

Shops:
D:11 =*   D:15 :

Annotations:
D:11 1 exclusion
D:13 1 exclusion
D:14 1 exclusion
Lair:2 1 transporter, Suk Xiy's ghost, journeyman DrTm


Message History

The spriggan rider hits you with the cursed +0 spear of Oxoir {protect, rPois MR++}!!
* * * LOW HITPOINT WARNING * * *
Really unwield
a - the +6 scimitar of Xieplean {freeze, *Drain +Fly rElec SInv}?
You feel drained.
The +6 scimitar of Xieplean {freeze, *Drain +Fly rElec SInv} stops glowing.
You feel a strange hunger, and smell blood in the air...
g - the +12 Vampire's Tooth (weapon)
{vamp} Unknown command.
Your leather armour of the Heron prevents you from hitting the spriggan rider.
The spriggan rider is heavily wounded.
The spriggan rider barely misses you.
Unknown command.
You closely miss the spriggan rider.
The spriggan rider is heavily wounded.
The moth of wrath barely misses you.
Unknown command.
The spriggan rider blocks your attack.
The spriggan rider is heavily wounded.
The spriggan rider hits you with the cursed +0 spear of Oxoir {protect, rPois MR++}!
You die...

##...#..###...###..#.##
#.##.P.##...#i# ##..##
####...#....###..#...##
#####P.##§§..#≈##.##...##
##......#§§§§.i:...i#....#
#......©#§§y§§_i..iy#©..P#
##......#W##§.y$##..#....##
#.......##i###.#≈#.##...+.##
##.......##@#W.#####....#...
##.#.#P.##.y....###.....#..
#...##...###...###.....####
##....#....#####.....### #.
##P.#..#P.......##.## ##
##...........##.##### ###
#...........##### #.##
#...........# ####..#
##..........# ##......


You could see a spriggan rider (berserk), a moth of wrath and Suk Xiy's ghost.

Vanquished Creatures
  A fire dragon (D:13)
  2 centaur warriors
  A hydra (Lair:2)
  Erica (Lair:1)
  2 death knights
  An ogre mage (D:14)
  A tengu warrior (D:10)
  8 two-headed ogres
  3 skeletal warriors (D:13)
  2 unseen horrors (D:11)
  2 phantasmal warriors (D:12)
  A wizard (D:15)
  A wolf spider (shapeshifter) (D:13)
  A deep elf mage (D:15)
  3 cyclopes
  5 ugly things
  A manticore (D:15)
  An oklob plant (Lair:1)
  4 spiny frogs
  2 black mambas
  2 rust devils (D:10)
  A komodo dragon (Lair:2)
  3 trolls
  A meliai (shapeshifter) (D:13)
  2 hornets (D:13)
  2 hippogriffs
  A hippogriff (shapeshifter) (D:13)
  4 wraiths
  39 yaks
  4 spriggans (Lair:2)
  A shadow (D:10)
  Grum (D:9)
  4 humans (D:11)
  3 vampire mosquitoes (D:13)
  An acid dragon (D:11)
  2 nagas (Lair:2)
  2 soldier ants
  4 water moccasins
  2 ice beasts
  5 porcupines
  5 sky beasts
  3 black bears
  An eye of draining (D:11)
  12 ogres
  4 orc warriors
  2 phantoms
  2 wolves (D:9)
  8 centaurs
  3 necrophages
  5 crocodiles
  An elf zombie (Ossuary)
  A big kobold (D:12)
  A wyvern zombie (D:12)
  13 bullfrogs
  A gnoll sergeant (D:7)
  2 wyvern skeletons
  A water moccasin skeleton (D:6)
  8 scorpions
  21 killer bees
  4 wights (D:6)
  10 crimson imps
  2 bullfrog zombies
  10 centaur zombies
  5 jellies
  3 bullfrog skeletons
  6 hounds
  4 human zombies (Ossuary)
  2 centaur skeletons
  A gnoll shaman (D:6)
  4 orc priests
  An iguana (D:4)
  8 orc wizards
  8 worker ants
  3 hound zombies
  2 hound skeletons
  3 mummies (Ossuary)
  A worker ant zombie (D:9)
  Robin (D:4)
  25 gnolls
  13 adders
  3 shadow imps
  An adder zombie (D:9)
  3 adder skeletons
  2 worms (D:3)
  6 leopard geckos
  16 orcs
  7 bats
  6 giant cockroaches
  22 goblins
  7 hobgoblins
  7 jackals
  7 quokkas
  2 ball pythons
  8 frilled lizards
  A goblin zombie (D:6)
  A jackal zombie (D:7)
  13 kobolds
  A leopard gecko skeleton (D:4)
  A leopard gecko zombie (D:7)
  2 quokka skeletons (D:4)
  2 quokka zombies
  10 rats
  A plant (Lair:1)
466 creatures vanquished.

Vanquished Creatures (others)
  A fungus (Lair:2)
1 creature vanquished.

Grand Total: 467 creatures vanquished

Notes
Turn   | Place    | Note
-------+----------+-------------------------------------------
     0 | D:1      | protoss039 the Deep Elf Earth Elementalist began the quest
                  | for the Orb.
     0 | D:1      | Reached XP level 1. HP: 10/10 MP: 6/6
     2 | D:1      | Noticed a naga
     5 | D:1      | Noticed a minotaur
     6 | D:1      | Noticed a merfolk zombie
    12 | D:1      | Noticed a ghoul
    14 | D:1      | Noticed a formicid
    14 | D:1      | Noticed a vine stalker
    20 | D:1      | You fall into a shaft and drop 1 floor!
   243 | D:1      | Reached XP level 2. HP: 15/15 MP: 5/8
   602 | D:1      | Reached XP level 3. HP: 19/19 MP: 7/10
  1179 | D:2      | Reached skill level 4 in Spellcasting
  1548 | D:2      | Reached XP level 4. HP: 24/24 MP: 5/12
  1967 | D:3      | Learned a level 2 spell: Passwall
  1971 | D:3      | Learned a level 3 spell: Stone Arrow
  2077 | D:2      | Reached skill level 5 in Spellcasting
  2077 | D:2      | Reached skill level 5 in Earth Magic
  2353 | D:3      | Reached XP level 5. HP: 28/28 MP: 0/15
  2483 | D:3      | Reached skill level 6 in Spellcasting
  3269 | D:3      | Reached XP level 6. HP: 32/32 MP: 3/17
  3927 | D:4      | Found a radiant altar of Vehumet.
  4079 | D:4      | Became a worshipper of Vehumet
  4183 | D:4      | Noticed Robin
  4193 | D:4      | Reached skill level 1 in Conjurations
  4219 | D:4      | Reached skill level 7 in Spellcasting
  4395 | D:4      | Killed Robin
  4758 | D:4      | Reached XP level 7. HP: 36/36 MP: 3/20
  5176 | D:4      | Learned a level 4 spell: Petrify
  5182 | D:4      | Learned a level 5 spell: Lee's Rapid Deconstruction
  5183 | D:5      | Entered Level 5 of the Dungeon
  5190 | D:5      | Got an ichor-stained leather armour
  5214 | D:5      | Identified the +1 leather armour of the Heron {rF+ Regen+}
                  | (You found it on level 5 of the Dungeon)
  5250 | D:5      | Reached * piety under Vehumet
  5250 | D:5      | Offered knowledge of Magic Dart by Vehumet.
  5250 | D:5      | Reached skill level 8 in Spellcasting
  5489 | D:5      | Reached skill level 9 in Spellcasting
  5593 | D:5      | Reached XP level 8. HP: 41/41 MP: 19/23
  5930 | D:5      | Found a staircase to the Ecumenical Temple.
  6451 | D:5      | Reached skill level 10 in Spellcasting
  6600 | D:6      | Found a sand-covered staircase.
  6613 | Ossuary  | Entered an ossuary
  7136 | Ossuary  | Offered knowledge of Freeze by Vehumet.
  7139 | Ossuary  | Reached ** piety under Vehumet
  7313 | D:6      | Reached XP level 9. HP: 45/45 MP: 23/25
  7330 | D:6      | Reached skill level 11 in Spellcasting
  8206 | D:6      | Found a white marble altar of Elyvilon.
  8585 | D:6      | Found a blossoming altar of Fedhas.
  8969 | D:7      | Reached skill level 10 in Earth Magic
  8971 | D:7      | Reached skill level 12 in Spellcasting
  8978 | D:7      | Offered knowledge of Conjure Flame by Vehumet.
  9368 | D:7      | Reached *** piety under Vehumet
 10158 | D:8      | Reached XP level 10. HP: 47/50 MP: 20/28
 10219 | D:8      | You fall into a shaft and drop 2 floors!
 10219 | D:10     | Entered Level 10 of the Dungeon
 10230 | D:10     | Reached skill level 13 in Spellcasting
 10239 | D:10     | Offered knowledge of Mephitic Cloud by Vehumet.
 10428 | D:10     | Noticed a death knight
 10473 | D:10     | Killed a death knight
 10474 | D:10     | Reached skill level 5 in Conjurations
 10707 | D:10     | Noticed a two-headed ogre
 10707 | D:10     | Noticed a two-headed ogre
 10711 | D:10     | Reached skill level 14 in Spellcasting
 10713 | D:10     | Killed a two-headed ogre
 10715 | D:10     | Killed a two-headed ogre
 10860 | D:10     | Reached **** piety under Vehumet
 10976 | D:10     | Noticed a tengu warrior
 10984 | D:10     | Killed a tengu warrior
 10984 | D:10     | Reached XP level 11. HP: 54/54 MP: 15/31
 11172 | D:11     | Offered knowledge of Bolt of Magma by Vehumet.
 11172 | D:11     | Reached skill level 15 in Spellcasting
 11265 | D:11     | Killed an unseen horror
 11272 | D:11     | Noticed a brown ugly thing
 11283 | D:11     | Killed a brown ugly thing
 11327 | D:11     | Noticed a purple ugly thing
 11331 | D:11     | Found Qiul's Assorted Antiques.
 11335 | D:11     | Killed a purple ugly thing
 11424 | D:11     | Bought a scroll labeled UMMOIG DIAGA for 32 gold pieces
 11424 | D:11     | Bought a cyan potion for 28 gold pieces
 11438 | D:11     | Found Hoddem's Jewellery Shoppe.
 11465 | D:11     | Found a flickering gateway to a bazaar.
 11484 | D:11     | Found a stormy altar of Qazlal.
 11496 | D:11     | Noticed a two-headed ogre
 11500 | D:11     | Killed a two-headed ogre
 11516 | Bazaar   | Entered a bazaar
 11516 | Bazaar   | Found Kootro's Antique Armour Shoppe.
 11516 | Bazaar   | Found Cuykhluyb's Weapon Emporium.
 11519 | Bazaar   | Identified 3 scrolls of acquirement
 11522 | Bazaar   | Found Cetsorr's Magic Scroll Emporium.
 11534 | Bazaar   | Found Veohih's General Store.
 11548 | Bazaar   | Bought 3 scrolls of teleportation for 99 gold pieces
 11548 | Bazaar   | Bought a scroll of identify for 22 gold pieces
 11548 | Bazaar   | Bought a scroll of enchant armour for 82 gold pieces
 11548 | Bazaar   | Bought a scroll of identify for 22 gold pieces
 11548 | Bazaar   | Bought a scroll of fog for 22 gold pieces
 11562 | Bazaar   | Bought a potion of heal wounds for 95 gold pieces
 11566 | Bazaar   | Bought an ichor-stained ring mail for 225 gold pieces
 11576 | Bazaar   | Bought a scroll of enchant weapon for 82 gold pieces
 11576 | Bazaar   | Bought 3 scrolls of magic mapping for 115 gold pieces
 11591 | Bazaar   | Bought a cloak for 112 gold pieces
 11601 | Bazaar   | Identified the +0 ring mail "Okerojoz" {*Slow rC- Int+10
                  | Dex+8} (You bought it in a shop in a bazaar)
 11633 | Bazaar   | Bought the +12 Vampire's Tooth {vamp} for 480 gold pieces
 11633 | Bazaar   | Found the +12 Vampire's Tooth {vamp}
 11643 | Bazaar   | Bought a scroll of silence for 142 gold pieces
 11643 | Bazaar   | Bought 25 stones for 47 gold pieces
 11643 | Bazaar   | Bought a ration for 95 gold pieces
 11643 | Bazaar   | Bought a ration for 95 gold pieces
 11643 | Bazaar   | Bought a ration for 95 gold pieces
 11777 | D:11     | Reached skill level 16 in Spellcasting
 11809 | D:11     | Killed an unseen horror
 12350 | D:12     | Got a dazzling spear
 12351 | D:12     | Identified the +6 spear of Qaveti {freeze, Str+4 Int+6}
                  | (You found it on level 12 of the Dungeon)
 12718 | D:12     | Found a staircase to the Orcish Mines.
 12727 | D:12     | Noticed a phantasmal warrior
 12727 | D:12     | Noticed a phantasmal warrior
 12732 | D:12     | Killed a phantasmal warrior
 12744 | D:12     | Killed a phantasmal warrior
 12749 | D:12     | Noticed a death knight
 12930 | D:12     | Killed a death knight
 12930 | D:12     | Reached XP level 12. HP: 40/59 MP: 9/34
 13251 | D:13     | Noticed a fire dragon
 13255 | D:13     | Killed a fire dragon
 13255 | D:13     | Reached skill level 17 in Spellcasting
 13387 | D:13     | Found a gate to the Vaults.
 13389 | D:13     | Reached ***** piety under Vehumet
 13399 | D:13     | Offered knowledge of Conjure Ball Lightning by Vehumet.
 13728 | D:13     | Found Jocukiu's Food Shoppe.
 13968 | D:13     | Bought a ration for 60 gold pieces
 13968 | D:13     | Bought a ration for 60 gold pieces
 13968 | D:13     | Bought a ration for 60 gold pieces
 13968 | D:13     | Bought a ration for 60 gold pieces
 13968 | D:13     | Bought a ration for 60 gold pieces
 13968 | D:13     | Bought a ration for 60 gold pieces
 13968 | D:13     | Bought a ration for 60 gold pieces
 13968 | D:13     | Bought a ration for 60 gold pieces
 13968 | D:13     | Bought a ration for 60 gold pieces
 13968 | D:13     | Bought a ration for 60 gold pieces
 13968 | D:13     | Bought a ration for 60 gold pieces
 13968 | D:13     | Bought a ration for 60 gold pieces
 14011 | D:14     | Noticed a centaur warrior
 14045 | D:14     | Found a sparkling altar of Nemelex Xobeh.
 14055 | D:14     | Reached skill level 18 in Spellcasting
 14142 | D:14     | Reached skill level 15 in Earth Magic
 14296 | D:14     | Noticed a two-headed ogre
 14296 | D:14     | Noticed a two-headed ogre
 14298 | D:14     | Noticed an ogre mage
 14304 | D:14     | Killed a two-headed ogre
 14304 | D:14     | Reached skill level 1 in Polearms
 14304 | D:14     | Killed a two-headed ogre
 14309 | D:14     | Killed an ogre mage
 14309 | D:14     | Noticed a two-headed ogre
 14312 | D:14     | Killed a two-headed ogre
 14313 | D:14     | Noticed a two-headed ogre
 14314 | D:14     | Killed a two-headed ogre
 14829 | D:14     | Killed a centaur warrior
 14987 | D:15     | Entered Level 15 of the Dungeon
 14987 | D:15     | Noticed an ogre mage
 14987 | D:15     | Noticed a two-headed ogre
 14987 | D:15     | Noticed a two-headed ogre
 14987 | D:15     | Noticed a two-headed ogre
 14989 | D:15     | Noticed a two-headed ogre
 15147 | D:15     | Reached XP level 13. HP: 63/63 MP: 35/37
 15240 | D:15     | Found Lulobol's Book Shoppe.
 15253 | D:15     | Found a staircase to the Depths.
 15585 | D:9      | Noticed Grum
 15592 | D:9      | Killed Grum
 15796 | D:9      | Got a fine pewter amulet
 15898 | D:9      | Reached skill level 19 in Spellcasting
 16149 | D:9      | Identified the Reference Book on the Escort and Heat
 16346 | D:9      | Got a masterwork scimitar
 16347 | D:9      | Identified the +6 scimitar of Xieplean {freeze, *Drain +Fly
                  | rElec SInv} (You found it on level 9 of the Dungeon)
 16441 | D:8      | Found a staircase to the Lair.
 16691 | D:8      | Found a shimmering altar of Xom.
 16858 | D:8      | Got a bronze leather armour
 16869 | D:8      | Identified the +2 leather armour of Death Resistance {SInv}
                  | (You found it on level 8 of the Dungeon)
 16887 | Lair:1   | Entered Level 1 of the Lair of Beasts
 16896 | Lair:1   | Offered knowledge of Lightning Bolt by Vehumet.
 16909 | Lair:1   | Learned a level 5 spell: Lightning Bolt
 17022 | Lair:1   | Reached skill level 1 in Fighting
 17137 | Lair:1   | Got a slimy whip
 17138 | Lair:1   | Identified the +6 whip of Zumox {vamp, MP+9 Int+3 Dex-4}
                  | (You found it on level 1 of the Lair of Beasts)
 17177 | Lair:1   | Identified the amulet of Qiam {Faith Dex+6} (You found it
                  | on level 9 of the Dungeon)
 17208 | Lair:1   | Noticed Erica
 17212 | Lair:1   | Killed Erica
 17502 | Lair:1   | Found a shattered altar of Ashenzari.
 18204 | Lair:2   | Found a transporter.
 18207 | Lair:2   | Found a transporter.
 18217 | Lair:2   | Found a bloodstained altar of Trog.
 18219 | Lair:2   | Identified the cursed +0 spear of Oxoir {protect, rPois
                  | MR++}
 18220 | Lair:2   | Noticed Suk Xiy's ghost (journeyman DrTm)
 18703 | Lair:2   | Found a staircase to the Snake Pit.
 19004 | Lair:2   | Slain by a spriggan rider

Illustrated notes

Levels and vault maps discovered:
D:1:      shiori_arrival_whats_in_store_for_you, layout_loops_cross
D:2:      layout_loops_corners
D:3:      layout_basic
D:4:      layout_gridville, overflow_temple_1_default, uniq_robin
D:5:      layout_basic, minmay_temple_entry_hall, first_ration
D:6:      layout_loops_corners, fedhas_altar_4, marbit_many_paths,
          enter_ossuary_4, kennysheep_boxes
D:7:      layout_basic
D:8:      kennysheep_ambush_hall, layout_rooms, kennysheep_mini,
          dpeg_oklobed_lair
D:9:      layout_basic, uniq_grum
D:10:     cheibrodos_iron_armory, layout_loops_ring, grunt_tengu_nest
D:11:     layout_gridville, serial_shops, bzr_entry_customers,
          nicolae_shop_trees, kennysheep_little_box, grunt_qazlal_sundering
D:12:     layout_long_grid, orc_0_dummy
D:13:     layout_roguey, david_vaults_2, serial_shops, nicolae_shop_waterfront
D:14:     layout_irregular_city, chequers_avenue, basic_altar
D:15:     gammafunk_enter_depths_forms, layout_basic, columned_hall_lemuel,
          serial_shops, nicolae_shop_statue_plus, grunt_decor_mini_mirrors,
          hangedman_decor_riveting
Lair:1:   layout_cave_pods, lemuel_oklob_altar, uniq_erica
Lair:2:   layout_roguey, guppyfry_snake_entry_island,
          gammafunk_ghost_wrathful_warriors

Skill      XL: |  1  2  3  4  5  6  7  8  9 10 11 12 13 |
---------------+----------------------------------------+-----
Earth Magic    | 4 5 6 7 9 10 12 13 15 17 | 17.3
Spellcasting   | 4 5 6 7 9 10 12 14 16 18 19 | 19.4
Conjurations   | 1 2 3 4 5 6 |  6.5
Polearms       | 1 2 |  2.0
Fighting       | 2 |  2.0
Dodging        | |  2.4
Stealth        | |  2.4
Transmutations | |  1.7

Action                   |  1- 3 |  4- 6 |  7- 9 | 10-12 | 13-15 || total
-------------------------+-------+-------+-------+-------+-------++-------
Melee: Unarmed           |     1 |       |       |       |       ||     1
       Dagger            |       |    65 |       |       |       ||    65
       Short sword       |       |     6 |   137 |       |       ||   143
       Spear             |       |       |     6 |    39 |    34 ||    79
       Quick blade       |       |       |       |    20 |     4 ||    24
       Scimitar          |       |       |       |       |     9 ||     9
 Cast: Sandblast         |    51 |    42 |    17 |    24 |    17 ||   151
       Stone Arrow       |       |    60 |   150 |   106 |   112 ||   428
       Lee's Rapid Decon |       |       |    16 |   103 |    68 ||   187
       Passwall          |       |       |     3 |       |     1 ||     4
       Petrify           |       |       |       |       |     2 ||     2
Evoke: Wand              |       |       |       |       |     3 ||     3
  Use: Scroll            |       |       |    13 |     6 |    16 ||    35
       Potion            |       |       |       |     3 |     5 ||     8
 Stab: Sleeping          |       |       |     1 |       |       ||     1
  Eat: Chunk             |     2 |    10 |    16 |    17 |    11 ||    56
       Ration            |       |       |     1 |       |       ||     1
Armor: Robe              |     3 |    24 |       |       |       ||    27
       Leather armour    |       |       |    69 |    42 |    43 ||   154
Dodge: Dodged            |     6 |    72 |    99 |    46 |    63 ||   286
       Rpst.: Scimitar   |       |       |       |       |     8 ||     8
